 Dungeon Crawl Stone Soup version 0.28-a0-998-gb9e9c7b67e (webtiles) character file.

Game seed: 6502294109369997255

66 Htamos the Grave Robber (level 3, 0/16 HPs)
             Began as a Felid Necromancer on Dec 6, 2021.
             Succumbed to a kobold brigand's curare-tipped dart
             ... in a sewer.
             The game lasted 00:08:08 (5259 turns).

Htamos the Grave Robber (Felid Necromancer)         Turns: 5259, Time: 00:08:08

Health: 0/16       AC:  1    Str:  4    XL:     3   Next: 96%
Magic:  2/7        EV: 18    Int: 16    God:
Gold:   221        SH:  0    Dex: 18    Spells: 5/7 levels left
                                        Lives:  0   Deaths: 1

rFire   . . .      SeeInvis +   (weapon unavailable)
rCold   . . .      Faith    .   (shield unavailable)
rNeg    . . .      Spirit   .   (armour unavailable)
rPois   .          Reflect  .   (helmet unavailable)
rElec   .          Harm     .   (cloak unavailable)
rCorr   .          Rampage  .   (gloves unavailable)
Will    .....                   (boots unavailable)
Stlth   ++........              (no amulet)
HPRegen 0.05/turn               (no ring)
MPRegen 0.10/turn               (no ring)

@: lethally poisoned (0 -> -7), very slightly contaminated, slowed, very slow
A: very small, claws 1, fangs 3, see invisible, speed 1, shaggy fur 1, stealthy
paws, no weapons or thrown items, no armour, multi-lived
a: no special abilities


You were in a sewer.
You visited 1 branch of the dungeon, and saw 4 of its levels.
You also visited: Sewer.

You collected 221 gold pieces.

Inventory:

Missiles
 a - 12 poisoned darts
Scrolls
 c - a scroll of teleportation
 f - a scroll of vulnerability


   Skills:
 + Level 1.8 Fighting
 + Level 3.7 Dodging
 + Level 4.1 Stealth
 - Level 0.7 Unarmed Combat
 + Level 2.5 Spellcasting
 + Level 4.5 Necromancy


You had 5 spell levels left.
You knew the following spells:

 Your Spells              Type           Power      Damage    Failure   Level
a - Pain                  Necr           64%        1d7       3%          1
b - Animate Skeleton      Necr           32%        N/A       3%          1

Your spell library contained the following spells:

 Spells                   Type           Power      Damage    Failure   Level
 Vampiric Draining        Necr           16%        2d7       9%          3
 Foxfire                  Conj/Fire      8%         2x1d4     21%         1
 Animate Dead             Necr           8%         N/A       30%         4
 Conjure Flame            Conj/Fire      2%         6-21      52%         3
 Inner Flame              Hex/Fire       2%         N/A       52%         3
 Agony                    Necr           16%        N/A       63%         5
 Flame Wave               Conj/Fire      2%         2d4       89%         4


Dungeon Overview and Level Annotations

Branches:
Dungeon (4/15)              Sewer (1/1)
 Temple: D:4-7

Altars:

Shops:
D:2 =

Annotations:
D:1 exclusion: 2 jackals
D:3 Jessica


Innate Abilities, Weirdness & Mutations

You have sharp claws.
You have razor-sharp teeth.
You have supernaturally acute eyesight. (SInv)
You cover ground quickly. (Speed+)
You are covered in fur. (AC +1)
Your paws help you pounce on unaware monsters.
You are incapable of wielding weapons or throwing items.
You cannot wear armour.
You gain extra lives every three experience levels.


Message History

Your kobold skeleton hits the kobold brigand with a +0 whip.
Your jackal skeleton barely misses the kobold brigand.
Casting: Pain (safe; 3% risk of failure)
Confirm with . or Enter, or press ? or * to list all spells.
Aiming: Pain (safe; 3% risk of failure)
Press: ? - help, Shift-Dir - straight line, f/p - kobold brigand
Aim: a kobold brigand, wielding a +0 dagger and quivering curare-tipped darts (lightly wounded, ally target, chance to affect: 75%)
The kobold brigand writhes in agony.
Your jackal skeleton misses the kobold brigand.
Your kobold skeleton hits the kobold brigand with a +0 whip.
Casting: Pain (safe; 3% risk of failure)
Confirm with . or Enter, or press ? or * to list all spells.
Aiming: Pain (safe; 3% risk of failure)
Press: ? - help, Shift-Dir - straight line, f/p - kobold brigand
Aim: a kobold brigand, wielding a +0 dagger and quivering curare-tipped darts (moderately wounded, ally target, chance to affect: 75%)
The kobold brigand struggles to resist.
Your kobold skeleton hits the kobold brigand with a +0 whip.
The kobold brigand throws a curare-tipped dart.
The curare-tipped dart hits you.
You are poisoned.
You have difficulty breathing.
* * * LOW HITPOINT WARNING * * *
You feel yourself slow down.
Casting: Pain (safe; 3% risk of failure)
Confirm with . or Enter, or press ? or * to list all spells.
Aiming: Pain (safe; 3% risk of failure)
Press: ? - help, Shift-Dir - straight line, f/p - kobold brigand
Aim: a kobold brigand, wielding a +0 dagger and quivering curare-tipped darts (moderately wounded, ally target, chance to affect: 75%)
The kobold brigand writhes in agony.
* * * LOW HITPOINT WARNING * * *
You feel very sick.
Your jackal skeleton misses the kobold brigand.
The kobold throws a stone.
The stone barely misses you.
Casting: Pain (safe; 3% risk of failure)
Confirm with . or Enter, or press ? or * to list all spells.
Aiming: Pain (safe; 3% risk of failure)
Press: ? - help, Shift-Dir - straight line, f/p - kobold brigand
Aim: a kobold brigand, wielding a +0 dagger and quivering curare-tipped darts (heavily wounded, ally target, chance to affect: 75%)
The kobold brigand writhes in agony.
You die...

### ## ############ #∩# ##.
#...≈≈...≈.###.###
....#.≈≈≈)≈@.≈.......######
...#.K≈≈≈≈≈≈≈≈≈≈≈≈≈≈≈≈≈≈≈##
....≈≈≈≈≈≈≈≈≈≈≈≈≈≈≈≈≈≈≈≈≈≈
#≈≈≈≈≈≈≈≈≈≈≈≈≈≈≈≈≈≈≈≈≈≈#
#≈≈≈ZK≈.≈≈.≈.≈...#######
#.†.Z.≈.≈≈≈#######
#########)## #≈# #≈#


You could see a kobold brigand (ally target), a kobold, a friendly jackal
skeleton and a friendly kobold skeleton.

Vanquished Creatures
  An iguana (D:4)
  2 adders (D:2)
  2 river rats (Sewer)
  An adder skeleton (D:4)
  A dart slug (D:2)
  An orc (D:4)
  3 endoplasms
  7 giant cockroaches
  4 goblins
  4 hobgoblins
  5 jackals
  4 quokkas
  6 ball pythons
  5 bats
  A frilled lizard (D:2)
  9 kobolds
  11 rats
67 creatures vanquished.

Notes
Turn   | Place    | Note
-------+----------+-------------------------------------------
     0 | D:1      | Htamos the Felid Necromancer began the quest for the Orb.
     0 | D:1      | Reached XP level 1. HP: 7/7 MP: 4/4
   872 | D:1      | Reached XP level 2. HP: 10/12 MP: 4/6
  1601 | D:1      | Found a faded altar of an unknown god.
  2291 | D:2      | Reached skill level 1 in Fighting
  2463 | D:2      | Found Seiq's Jewellery Boutique.
  2498 | D:2      | Reached XP level 3. HP: 10/15 MP: 2/7
  3886 | D:3      | Noticed Jessica
  4155 | D:4      | Reached XP level 4. HP: 15/19 MP: 5/8
  4775 | D:4      | Found a glowing drain.
  4786 | Sewer    | Entered a sewer
  5203 | Sewer    | Noticed a kobold brigand
  5229 | Sewer    | Learned a level 1 spell: Animate Skeleton
  5250 | Sewer    | Slain by a kobold brigand
  5251 | Sewer    | Reached XP level 3. HP: 0/16 MP: 5/7
  5259 | Sewer    | Succumbed to a kobold brigand's curare-tipped dart

Illustrated notes

Levels and vault maps discovered:
D:1:      dpeg_arrival_subterranean_lakeside_camping, layout_basic,
          chequers_ecumenical_altar_simple_redux
D:2:      layout_loops_corners, serial_shops, shop, minmay_misc_feat_enclosed,
          kennysheep_generic_room_8
D:3:      layout_basic, hangedman_decor_opposing, minmay_goblin_kobold_house,
          uniq_jessica
D:4:      layout_loops_ring, gup_sewer_entry_pipe, uniq_sigmund
Sewer:    sewer_kobolds

Skill      XL: |  1  2  3  4 |
---------------+-------------+-----
Stealth        | 3 4 |  4.1
Fighting       | 1 |  1.8
Dodging        | 3 |  3.7
Unarmed Combat | |  0.7
Spellcasting   | |  2.5
Necromancy     | |  4.5

Action                   |  1- 3 |  4- 6 || total
-------------------------+-------+-------++-------
Melee: Unarmed           |       |    15 ||    15
 Cast: Pain              |    89 |    34 ||   123
       Animate Skeleton  |       |     3 ||     3
  Use: Scroll            |     2 |     2 ||     4
       Potion            |       |     6 ||     6
Armor: Skin              |     1 |     5 ||     6
Dodge: Dodged            |     5 |    14 ||    19

Table legend: (Time is in decaauts)
 A = Elapsed time spent in this place.
 B = Non-inter-level travel time spent in this place.
 C = Inter-level travel time spent in this place.
 D = Time resting spent in this place.
 E = Time spent auto-exploring this place.
 F = Levels seen in this place.
 G = Mean time per level.
                   A        B        C        D        E       F      G
               +--------+--------+--------+--------+--------+-----+--------+
         Total |   4800 |   4610 |    190 |    573 |   3502 |   5 |  960.0 |
       Dungeon |   4290 |   4100 |    190 |    262 |   3447 |   4 | 1072.5 |
         Sewer |    510 |    510 |      0 |    311 |     55 |   1 |  510.0 |
               +--------+--------+--------+--------+--------+-----+--------+

Top non-repeatable levels by time:
     D:1: 1973 daAuts
     D:2: 1286 daAuts
     D:3: 818 daAuts
   Sewer: 510 daAuts
     D:4: 211 daAuts
